Patriotes vs Spitfire
Created - 23 février 2014 at 19:08
Goals
|
| Patriotes |
1 |
3 |
1 |
5 |
| Spitfire |
2 |
3 |
2 |
7 |
|
Shots
|
| Patriotes |
11 |
13 |
15 |
39 |
| Spitfire |
13 |
10 |
12 |
35 |
|
1st period
1. Spitfire , Denis Shvidki 31 (Kris Beech, Tim Kennedy) at 5:48
2. Patriotes , Andreas Nodl 36 (Ryan Wilson, Ben Guite) at 15:04
3. Spitfire , Tim Kennedy 18 (Denis Shvidki, Kris Beech) at 15:22
Penalties :
Ryan Wilson (Nyc) for Hooking (Minor) at 12:46
2nd period
4. Patriotes , Ben Guite 14 (Fedor Fedorov, Christian Hanson) at 5:21 (PP)
5. Patriotes , Andreas Nodl 37 (Cory Emmerton, Cameron Gaunce) at 7:04
6. Patriotes , Fedor Fedorov 23 (Joe Charlebois, Ben Guite) at 10:19
7. Spitfire , Marc-Antoine Pouliot 33 (Erik Condra, Mathieu Roy) at 11:38
8. Spitfire , Danny Syvret 1 (Andrew Campbell) at 13:03
9. Spitfire , Kris Beech 20 (Denis Shvidki, Tim Kennedy) at 13:19
Penalties :
Paul Bissonnette (Val) for Holding (Minor) at 5:05, Keaton Ellerby (Val) for Hooking (Minor) at 13:47, Brett Skinner (Nyc) for Hooking (Minor) at 16:47
3rd period
10. Spitfire , Raymond Sawada 4 (MacGregor Sharp, Andrew Campbell) at 6:00
11. Spitfire , Tim Kennedy 19 (Denis Shvidki, Kris Beech) at 8:41
12. Patriotes , Jared Boll 14 (Brock Trotter, Ryan White) at 9:19
Penalties :
Kris Beech (Val) for Hooking (Minor) at 12:18
Goalie Stats
Leland Irving (Nyc), 20 saves from 26 shots - (0,769), L, 3-6-0, 46:00 minutes
Jason Missiaen (Nyc), 8 saves from 9 shots - (0,889), 14:00 minutes
Todd Ford (Val), 19 saves from 20 shots - (0,950), W, 15-12-4, 29:41 minutes
Yann Danis (Val), 15 saves from 19 shots - (0,789), 30:19 minutes
Players Stats for Patriotes
Player Name G A P +/- PIM S H SB GA TA FO MP PP MP PK MP
------------------------------------------------------------------------------------
Andreas Nodl 2 0 2 1 0 5 1 0 0 1 1/1 18:24 2:19 1:57
Ben Guite 1 2 3 0 0 3 0 0 1 0 1/2 21:44 1:55 1:57
Brett Skinner 0 0 0 -5 2 4 2 2 0 0 0/0 25:59 2:33 1:09
Brock Trotter 0 1 1 1 0 5 0 0 0 0 0/0 13:02 0:00 0:42
Cameron Gaunce 0 1 1 1 0 0 1 0 1 1 0/0 12:43 0:00 0:06
Christian Hanson 0 1 1 -1 0 4 2 0 2 0 13/30 20:34 1:55 1:06
Cory Emmerton 0 1 1 0 0 2 0 0 0 0 3/8 16:08 2:19 0:00
Davis Drewiske 0 0 0 -5 0 2 1 3 1 1 0/0 27:09 2:33 2:23
Fedor Fedorov 1 1 2 -1 0 3 3 0 1 0 1/1 20:47 1:55 1:19
James Wright 0 0 0 -4 0 0 2 0 0 0 0/4 7:57 0:00 0:00
Jared Boll 1 0 1 1 0 2 0 0 0 0 1/1 12:15 0:00 0:00
Joe Charlebois 0 1 1 1 0 4 0 1 0 1 0/0 20:19 1:41 1:45
Lauri Tukonen 0 0 0 -4 0 1 1 1 0 0 0/1 9:30 0:00 0:55
Liam Reddox 0 0 0 -4 0 0 0 1 1 0 0/0 7:47 0:00 0:00
Nigel Williams 0 0 0 2 0 1 0 2 0 0 0/0 14:49 0:00 1:48
Ryan White 0 1 1 1 0 1 1 0 0 0 4/6 11:22 0:00 0:00
Ryan Wilson 0 1 1 1 2 2 1 0 0 0 0/0 19:23 1:41 0:45
T.J Galiardi 0 0 0 0 0 0 1 0 1 0 0/0 16:08 2:19 0:00
Players Stats for Spitfire
Player Name G A P +/- PIM S H SB GA TA FO MP PP MP PK MP
------------------------------------------------------------------------------------
Andrew Campbell 0 2 2 1 0 1 1 1 0 1 0/0 20:30 1:51 1:28
Brad Staubitz 0 0 0 -1 0 2 2 2 1 0 1/1 13:48 1:06 0:00
Danny Syvret 1 0 1 1 0 3 1 1 0 0 0/0 20:30 1:51 1:28
Denis Shvidki 1 3 4 2 0 5 2 0 1 0 4/7 22:00 1:33 2:30
Eric Mestery 0 0 0 0 0 0 0 0 0 0 0/0 4:34 0:00 0:34
Erik Condra 0 1 1 1 0 1 1 1 0 0 0/0 16:14 1:25 0:00
Josh Brittain 0 0 0 0 0 0 0 0 0 0 0/0 0:00 0:00 0:00
Keaton Ellerby 0 0 0 3 2 1 2 2 0 0 0/0 21:55 2:07 1:30
Kris Beech 1 3 4 2 2 1 2 0 0 0 16/29 20:40 1:33 1:11
MacGregor Sharp 0 1 1 1 0 1 0 1 0 0 0/0 7:04 0:00 0:41
Marc-Antoine Pouliot 1 0 1 1 0 4 0 0 0 1 7/10 16:46 1:25 0:32
Mathieu Roy 0 1 1 3 0 1 2 3 1 5 0/0 26:04 1:44 2:46
Matt Delahey 0 0 0 -1 0 0 2 0 0 0 0/0 13:25 0:00 0:42
Michael Stone 0 0 0 -1 0 0 0 3 0 1 0/0 13:26 0:23 0:00
Patrick Davis 0 0 0 -1 0 0 0 0 0 0 0/0 0:57 0:35 0:00
Paul Bissonnette 0 0 0 1 2 2 3 1 0 0 0/1 16:24 1:24 0:11
Radek Smolenak 0 0 0 0 0 0 2 0 0 0 0/0 11:52 0:00 0:00
Raymond Sawada 1 0 1 1 0 3 1 0 0 0 0/0 8:14 0:00 1:32
Rick Schofield 0 0 0 -1 0 3 1 1 1 0 0/3 13:32 1:00 0:00
Tim Kennedy 2 2 4 2 0 7 0 1 0 0 2/3 19:47 1:43 0:32
Tony Lucia 0 0 0 1 0 0 0 2 0 0 0/0 8:01 0:10 1:19
3 Stars
1 - Tim Kennedy (Val)
2 - Denis Shvidki (Val)
3 - Kris Beech (Val)
Power Play
Patriotes - 1 on 3 Attempt(s) - 33,33%
Spitfire - 0 on 2 Attempt(s) - 0,00%
Penalty Kill
Patriotes - 2 on 2 Attempt(s) - 100,00%
- Score 0 goal in Penalty Kill
Spitfire - 2 on 3 Attempt(s) - 66,67%
- Score 0 goal in Penalty Kill
Official
Referees : Kowal Tom and Lee Chris
Linesman : Brian Mach and Mark Pare
Game Notes
Todd Ford enters game at 10:19 of 2nd period
Jason Missiaen enters game at 6:00 of 3rd period
Finance
Level 1 -- Attendance: 1539 (76,95%) -- Ticket Income 53 865 $
Level 2 -- Attendance: 667 (66,70%) -- Ticket Income 10 005 $
Total Attendance: 2206 (73,53%)
Total Ticket Income: 63 870 $
Other Income: 3 194 $
Total Income: 67 064 $
Patriotes
5 vs 5 Forward
Center Left Wing Right Wing Time % Phy DF OF
1 Christian Hanson Fedor Fedorov Ben Guite 40 1 2 2
2 Cory Emmerton T.J Galiardi Andreas Nodl 30 1 2 2
3 Ryan White Brock Trotter Jared Boll 20 1 2 2
4 James Wright Liam Reddox Lauri Tukonen 10 1 2 2
5 vs 5 Defense
Defense Defense Time % Phy DF OF
1 Brett Skinner Davis Drewiske 40 1 2 2
2 Ryan Wilson Joe Charlebois 30 1 2 2
3 Cameron Gaunce Nigel Williams 20 1 2 2
4 Brett Skinner Davis Drewiske 10 1 2 2
PowerPlay Forward
Center Left Wing Right Wing Time % Phy DF OF
1 Christian Hanson Fedor Fedorov Ben Guite 60 1 2 2
2 Cory Emmerton T.J Galiardi Andreas Nodl 40 1 2 2
PowerPlay Defense
Defense Defense Time % Phy DF OF
1 Brett Skinner Davis Drewiske 60 1 2 2
2 Ryan Wilson Joe Charlebois 40 1 2 2
Penalty Kill 4 Players Forward
Center Wing Time % Phy DF OF
1 Ben Guite Andreas Nodl 60 1 2 2
2 Christian Hanson Fedor Fedorov 40 1 2 2
Penalty Kill 4 Players Defense
Defense Defense Time % Phy DF OF
1 Brett Skinner Davis Drewiske 60 1 2 2
2 Ryan Wilson Joe Charlebois 40 1 2 2
Penalty Kill - 3 Players Forward
Forward Time % Phy DF OF
1 Ben Guite 60 1 2 2
2 Andreas Nodl 40 1 2 2
Penalty Kill - 3 Players Defense
Defense Defense Time % Phy DF OF
1 Brett Skinner Davis Drewiske 60 1 2 2
2 Ryan Wilson Joe Charlebois 40 1 2 2
4 vs 4 Forward
Center Wing Time % Phy DF OF
1 Ben Guite Andreas Nodl 60 1 2 2
2 Christian Hanson Fedor Fedorov 40 1 2 2
4 vs 4 Defense
Defense Defense Time % Phy DF OF
1 Brett Skinner Davis Drewiske 60 1 2 2
2 Ryan Wilson Joe Charlebois 40 1 2 2
Last Minutes Offensive
Center Left Wing Right Wing Defense Defense
Christian Hanson Fedor Fedorov Ben Guite Brett Skinner Davis Drewiske
Last Minutes Defensive
Center Left Wing Right Wing Defense Defense
Christian Hanson Fedor Fedorov Ben Guite Brett Skinner Davis Drewiske
Goaltenders
Starting : Leland Irving
Backup : Jason Missiaen
Extra Forwards
Normal : Jared Boll, Brock Trotter, Lauri Tukonen - PP : Jared Boll, Brock Trotter - PK : Lauri Tukonen
Extra Defensemen
Normal : Cameron Gaunce, Nigel Williams, Ryan Wilson - PP : Cameron Gaunce - PK : Nigel Williams, Ryan Wilson
Penalty Shots
Ben Guite, Andreas Nodl, Christian Hanson, Fedor Fedorov, Cory Emmerton
Spitfire
5 vs 5 Forward
Center Left Wing Right Wing Time % Phy DF OF
1 Kris Beech Tim Kennedy Denis Shvidki 40 1 2 2
2 Marc-Antoine Pouliot Paul Bissonnette Erik Condra 30 1 2 2
3 Rick Schofield Radek Smolenak Brad Staubitz 20 1 2 2
4 MacGregor Sharp Tony Lucia Raymond Sawada 10 1 2 2
5 vs 5 Defense
Defense Defense Time % Phy DF OF
1 Mathieu Roy Keaton Ellerby 40 1 2 2
2 Danny Syvret Andrew Campbell 30 1 2 2
3 Michael Stone Matt Delahey 20 1 2 2
4 Eric Mestery Mathieu Roy 10 1 2 2
PowerPlay Forward
Center Left Wing Right Wing Time % Phy DF OF
1 Kris Beech Tim Kennedy Denis Shvidki 60 1 2 2
2 Marc-Antoine Pouliot Paul Bissonnette Erik Condra 40 1 2 2
PowerPlay Defense
Defense Defense Time % Phy DF OF
1 Mathieu Roy Keaton Ellerby 60 1 2 2
2 Danny Syvret Andrew Campbell 40 1 2 2
Penalty Kill 4 Players Forward
Center Wing Time % Phy DF OF
1 Denis Shvidki Kris Beech 60 1 2 2
2 Tim Kennedy Marc-Antoine Pouliot 40 1 2 2
Penalty Kill 4 Players Defense
Defense Defense Time % Phy DF OF
1 Mathieu Roy Keaton Ellerby 60 1 2 2
2 Danny Syvret Andrew Campbell 40 1 2 2
Penalty Kill - 3 Players Forward
Forward Time % Phy DF OF
1 Denis Shvidki 60 1 2 2
2 Kris Beech 40 1 2 2
Penalty Kill - 3 Players Defense
Defense Defense Time % Phy DF OF
1 Mathieu Roy Keaton Ellerby 60 1 2 2
2 Danny Syvret Andrew Campbell 40 1 2 2
4 vs 4 Forward
Center Wing Time % Phy DF OF
1 Denis Shvidki Kris Beech 60 1 2 2
2 Tim Kennedy Marc-Antoine Pouliot 40 1 2 2
4 vs 4 Defense
Defense Defense Time % Phy DF OF
1 Mathieu Roy Keaton Ellerby 60 1 2 2
2 Danny Syvret Andrew Campbell 40 1 2 2
Last Minutes Offensive
Center Left Wing Right Wing Defense Defense
Kris Beech Tim Kennedy Denis Shvidki Mathieu Roy Keaton Ellerby
Last Minutes Defensive
Center Left Wing Right Wing Defense Defense
Kris Beech Tim Kennedy Denis Shvidki Mathieu Roy Keaton Ellerby
Goaltenders
Starting : Yann Danis
Backup : Todd Ford
Extra Forwards
Normal : Brad Staubitz, Rick Schofield, Raymond Sawada - PP : Brad Staubitz, Rick Schofield - PK : Raymond Sawada
Extra Defensemen
Normal : Michael Stone, Matt Delahey, Eric Mestery - PP : Michael Stone - PK : Matt Delahey, Eric Mestery
Penalty Shots
Denis Shvidki, Kris Beech, Tim Kennedy, Marc-Antoine Pouliot, Erik Condra
% Time on Ice - Patriotes
Lines # - Real PCT - Wanted PCT - Time Play
Normal Forward
1 - 36% - 40% - 18:27
2 - 27% - 30% - 14:12
3 - 22% - 20% - 11:22
4 - 15% - 10% - 7:47
Normal Defense
1 - 38% - 40% - 19:48
2 - 33% - 30% - 16:53
3 - 24% - 20% - 12:37
4 - 5% - 10% - 2:30
PP Forward
1 - 45% - 60% - 1:55
2 - 55% - 40% - 2:19
PP Defense
1 - 60% - 60% - 2:33
2 - 40% - 40% - 1:41
PK Forward
1 - 72% - 60% - 2:52
2 - 28% - 40% - 1:06
PK Defense
1 - 68% - 60% - 2:43
2 - 32% - 40% - 1:15
PK3 Forward
1 - 0% - 60%
2 - 0% - 40%
PK3 Defense
1 - 0% - 60%
2 - 0% - 40%
44 Forward
1 - 0% - 60%
2 - 0% - 40%
44 Defense
1 - 0% - 60%
2 - 0% - 40%
Last Minute Offensive - 0:00
Last Minute Defensive - 0:00
Total
Forward - 60:00
Defense - 60:00
|
% Time on Ice - Spitfire
Lines # - Real PCT - Wanted PCT - Time Play
Normal Forward
1 - 36% - 40% - 18:50
2 - 29% - 30% - 14:49
3 - 23% - 20% - 11:52
4 - 12% - 10% - 6:17
Normal Defense
1 - 35% - 40% - 17:54
2 - 33% - 30% - 17:11
3 - 25% - 20% - 12:43
4 - 8% - 10% - 4:00
PP Forward
1 - 64% - 60% - 2:33
2 - 36% - 40% - 1:25
PP Defense
1 - 53% - 60% - 2:07
2 - 47% - 40% - 1:51
PK Forward
1 - 87% - 60% - 3:42
2 - 13% - 40% - 0:32
PK Defense
1 - 65% - 60% - 2:46
2 - 35% - 40% - 1:28
PK3 Forward
1 - 0% - 60%
2 - 0% - 40%
PK3 Defense
1 - 0% - 60%
2 - 0% - 40%
44 Forward
1 - 0% - 60%
2 - 0% - 40%
44 Defense
1 - 0% - 60%
2 - 0% - 40%
Last Minute Offensive - 0:00
Last Minute Defensive - 0:00
Total
Forward - 60:00
Defense - 60:00
|
Play by Play
1st period
0:01 of 1st period - Christian Hanson wins face-off versus Kris Beech in neutral zone.
0:44 of 1st period - Icing by Keaton Ellerby.
0:45 of 1st period - Ryan White wins face-off versus Rick Schofield in Spitfire zone.
1:33 of 1st period - Nigel Williams is hit by Raymond Sawada and loses puck.
1:38 of 1st period - Slapshot by MacGregor Sharp.
1:38 of 1st period - Stopped by Leland Irving with a rebound.
1:46 of 1st period - Snap shot by MacGregor Sharp.
1:46 of 1st period - Shot Misses the Net.
2:00 of 1st period - Andreas Nodl is hit by Paul Bissonnette and loses puck.
2:08 of 1st period - Off-side.
2:09 of 1st period - Ryan White wins face-off versus Rick Schofield in neutral zone.
2:34 of 1st period - Snap shot by Tim Kennedy.
2:34 of 1st period - Deflect By Denis Shvidki.
2:34 of 1st period - Shot Blocked by Davis Drewiske.
2:34 of 1st period - Puck is out of play.
2:35 of 1st period - Christian Hanson wins face-off versus Denis Shvidki in Patriotes zone.
2:40 of 1st period - Slapshot by Christian Hanson.
2:40 of 1st period - Stopped by Yann Danis with a rebound.
2:48 of 1st period - Snap shot by Ben Guite.
2:48 of 1st period - Shot Misses the Net.
2:50 of 1st period - Snap shot by Ben Guite.
2:50 of 1st period - Shot Blocked by Mathieu Roy.
2:57 of 1st period - Icing by Kris Beech.
2:58 of 1st period - Andreas Nodl wins face-off versus Kris Beech in Spitfire zone.
3:11 of 1st period - Snap shot by Andreas Nodl.
3:11 of 1st period - Shot Misses the Net.
3:23 of 1st period - Wrist shot by Marc-Antoine Pouliot.
3:23 of 1st period - Shot Blocked by Brett Skinner.
3:31 of 1st period - Snap shot by Paul Bissonnette.
3:31 of 1st period - Stopped by Leland Irving without a rebound.
3:32 of 1st period - Marc-Antoine Pouliot wins face-off versus James Wright in Patriotes zone.
3:37 of 1st period - Snap shot by Erik Condra.
3:37 of 1st period - Stopped by Leland Irving with a rebound.
3:39 of 1st period - Wrist shot by Erik Condra.
3:39 of 1st period - Shot Misses the Net.
3:47 of 1st period - Snap shot by Marc-Antoine Pouliot.
3:47 of 1st period - Stopped by Leland Irving with a rebound.
3:57 of 1st period - Raymond Sawada is hit by Cameron Gaunce and loses puck.
4:44 of 1st period - Snap shot by Rick Schofield.
4:44 of 1st period - Stopped by Leland Irving with a rebound.
4:46 of 1st period - Slapshot by Danny Syvret.
4:46 of 1st period - Stopped by Leland Irving with a rebound.
4:48 of 1st period - Snap shot by Brad Staubitz.
4:48 of 1st period - Shot Misses the Net.
5:26 of 1st period - Snap shot by Andreas Nodl.
5:26 of 1st period - Shot Misses the Net.
5:48 of 1st period - Wrist shot by Denis Shvidki.
5:48 of 1st period - Goal by Denis Shvidki - Patriotes : 0 - Spitfire : 1.
5:49 of 1st period - Marc-Antoine Pouliot wins face-off versus Christian Hanson in neutral zone.
6:02 of 1st period - Snap shot by Christian Hanson.
6:02 of 1st period - Shot Blocked by Keaton Ellerby.
6:04 of 1st period - Wrist shot by Ben Guite.
6:04 of 1st period - Shot Blocked by Mathieu Roy.
6:33 of 1st period - Brock Trotter is hit by Brad Staubitz and loses puck.
6:42 of 1st period - Brett Skinner is hit by Radek Smolenak and loses puck.
7:21 of 1st period - James Wright is hit by Andrew Campbell and loses puck.
7:51 of 1st period - Wrist shot by Kris Beech.
7:51 of 1st period - Shot Misses the Net.
7:53 of 1st period - Backhand shot by Tim Kennedy.
7:53 of 1st period - Deflect By Denis Shvidki.
7:53 of 1st period - Stopped by Leland Irving with a rebound.
8:03 of 1st period - T.J Galiardi is hit by Brad Staubitz and loses puck.
9:02 of 1st period - Paul Bissonnette is hit by Lauri Tukonen.
9:12 of 1st period - Snap shot by Denis Shvidki.
9:12 of 1st period - Stopped by Leland Irving with a rebound.
9:30 of 1st period - Wrist shot by Rick Schofield.
9:30 of 1st period - Shot Misses the Net.
9:32 of 1st period - Slapshot by Michael Stone.
9:32 of 1st period - Shot Blocked by Davis Drewiske.
9:34 of 1st period - Slapshot by Michael Stone.
9:34 of 1st period - Shot Misses the Net.
9:36 of 1st period - Snap shot by Rick Schofield.
9:36 of 1st period - Stopped by Leland Irving with a rebound.
9:38 of 1st period - Snap shot by Radek Smolenak.
9:38 of 1st period - Shot Misses the Net.
9:57 of 1st period - Wrist shot by Jared Boll.
9:57 of 1st period - Shot Hit the Post.
9:59 of 1st period - Slapshot by Joe Charlebois.
9:59 of 1st period - Stopped by Yann Danis with a rebound.
10:01 of 1st period - Wrist shot by Jared Boll.
10:01 of 1st period - Shot Misses the Net.
10:03 of 1st period - Slapshot by Joe Charlebois.
10:03 of 1st period - Stopped by Yann Danis with a rebound.
10:17 of 1st period - Snap shot by Ryan White.
10:17 of 1st period - Shot Blocked by Michael Stone.
10:19 of 1st period - Snap shot by Joe Charlebois.
10:19 of 1st period - Shot Blocked by Erik Condra.
10:35 of 1st period - Snap shot by Ryan White.
10:35 of 1st period - Shot Misses the Net.
10:37 of 1st period - Slapshot by Joe Charlebois.
10:37 of 1st period - Stopped by Yann Danis with a rebound.
10:39 of 1st period - Snap shot by Davis Drewiske.
10:39 of 1st period - Shot Misses the Net.
11:05 of 1st period - Wrist shot by Brock Trotter.
11:05 of 1st period - Shot Misses the Net.
11:07 of 1st period - Snap shot by Brett Skinner.
11:07 of 1st period - Stopped by Yann Danis with a rebound.
11:09 of 1st period - Slapshot by Cameron Gaunce.
11:09 of 1st period - Shot Misses the Net.
11:11 of 1st period - Backhand shot by Joe Charlebois.
11:11 of 1st period - Deflect By Paul Bissonnette.
11:11 of 1st period - Stopped by Yann Danis with a rebound.
11:27 of 1st period - Snap shot by Brock Trotter.
11:27 of 1st period - Stopped by Yann Danis without a rebound.
11:28 of 1st period - Kris Beech wins face-off versus Christian Hanson in Spitfire zone.
11:58 of 1st period - Wrist shot by Brad Staubitz.
11:58 of 1st period - Shot Misses the Net.
12:46 of 1st period - Minor Penalty to Ryan Wilson for Hooking.
12:47 of 1st period - Ben Guite wins face-off versus Kris Beech in Patriotes zone.
12:47 of 1st period - Ben Guite is hit by Mathieu Roy.
13:27 of 1st period - Paul Bissonnette is hit by Christian Hanson.
14:28 of 1st period - Icing by Andrew Campbell.
14:29 of 1st period - Brad Staubitz wins face-off versus Lauri Tukonen in Spitfire zone.
14:46 of 1st period - Penalty to Ryan Wilson is over, Ryan Wilson is back on ice.
14:50 of 1st period - Snap shot by Rick Schofield.
14:50 of 1st period - Shot Blocked by Nigel Williams.
15:04 of 1st period - Slapshot by Andreas Nodl.
15:04 of 1st period - Goal by Andreas Nodl - Patriotes : 1 - Spitfire : 1.
15:05 of 1st period - Tim Kennedy wins face-off versus James Wright in neutral zone.
15:08 of 1st period - Wrist shot by Denis Shvidki.
15:08 of 1st period - Shot Misses the Net.
15:10 of 1st period - Snap shot by Denis Shvidki.
15:10 of 1st period - Stopped by Leland Irving without a rebound.
15:11 of 1st period - Kris Beech wins face-off versus James Wright in Patriotes zone.
15:14 of 1st period - Snap shot by Tim Kennedy.
15:14 of 1st period - Stopped by Leland Irving without a rebound.
15:15 of 1st period - Kris Beech wins face-off versus James Wright in Patriotes zone.
15:20 of 1st period - Slapshot by Tim Kennedy.
15:20 of 1st period - Shot Misses the Net.
15:22 of 1st period - Backhand shot by Tim Kennedy.
15:22 of 1st period - Goal by Tim Kennedy - Patriotes : 1 - Spitfire : 2.
15:23 of 1st period - Kris Beech wins face-off versus Christian Hanson in neutral zone.
16:07 of 1st period - Slapshot by Brett Skinner.
16:07 of 1st period - Deflect By Danny Syvret.
16:07 of 1st period - Stopped by Yann Danis with a rebound.
16:11 of 1st period - Wrist shot by Brock Trotter.
16:11 of 1st period - Stopped by Yann Danis with a rebound.
16:13 of 1st period - Slapshot by Davis Drewiske.
16:13 of 1st period - Deflect By Marc-Antoine Pouliot.
16:13 of 1st period - Stopped by Yann Danis with a rebound.
16:15 of 1st period - Slapshot by Davis Drewiske.
16:15 of 1st period - Shot Blocked by Paul Bissonnette.
16:35 of 1st period - Wrist shot by Lauri Tukonen.
16:35 of 1st period - Shot Blocked by Danny Syvret.
16:37 of 1st period - Slapshot by Joe Charlebois.
16:37 of 1st period - Shot Misses the Net.
16:39 of 1st period - Snap shot by James Wright.
16:39 of 1st period - Shot Blocked by MacGregor Sharp.
18:15 of 1st period - Lauri Tukonen is hit by Kris Beech and loses puck.
18:22 of 1st period - Brett Skinner is hit by Denis Shvidki and loses puck.
18:51 of 1st period - Mathieu Roy is hit by James Wright and loses puck.
19:12 of 1st period - Danny Syvret is hit by James Wright and loses puck.
19:21 of 1st period - Ryan Wilson is hit by Rick Schofield and loses puck.
19:34 of 1st period - Snap shot by Joe Charlebois.
19:34 of 1st period - Shot Blocked by Brad Staubitz.
19:36 of 1st period - Snap shot by Joe Charlebois.
19:36 of 1st period - Deflect By Lauri Tukonen.
19:36 of 1st period - Shot Misses the Net.
19:36 of 1st period - Puck is out of play.
19:37 of 1st period - Kris Beech wins face-off versus Christian Hanson in Spitfire zone.
19:49 of 1st period - Icing by Danny Syvret.
19:50 of 1st period - Kris Beech wins face-off versus Christian Hanson in Spitfire zone.
Goals for this period are 1 for Patriotes vs 2 for Spitfire.
Shots for this period are 11 for Patriotes vs 13 for Spitfire.
2nd period
0:01 of 2nd period - Kris Beech wins face-off versus Christian Hanson in neutral zone.
0:35 of 2nd period - Wrist shot by Cory Emmerton.
0:35 of 2nd period - Deflect By T.J Galiardi.
0:35 of 2nd period - Shot Blocked by Andrew Campbell.
0:35 of 2nd period - Puck is out of play.
0:36 of 2nd period - Fedor Fedorov wins face-off versus Kris Beech in Spitfire zone.
1:28 of 2nd period - Off-side.
1:29 of 2nd period - Kris Beech wins face-off versus Christian Hanson in neutral zone.
1:32 of 2nd period - Wrist shot by Tim Kennedy.
1:32 of 2nd period - Stopped by Leland Irving with a rebound.
1:38 of 2nd period - Snap shot by Ben Guite.
1:38 of 2nd period - Shot Misses the Net.
1:40 of 2nd period - Snap shot by Fedor Fedorov.
1:40 of 2nd period - Shot Misses the Net.
1:44 of 2nd period - Wrist shot by Ben Guite.
1:44 of 2nd period - Deflect By Christian Hanson.
1:44 of 2nd period - Shot Misses the Net.
1:44 of 2nd period - Puck is out of play.
1:45 of 2nd period - Marc-Antoine Pouliot wins face-off versus Cory Emmerton in Spitfire zone.
1:52 of 2nd period - Davis Drewiske is hit by Mathieu Roy.
1:58 of 2nd period - Snap shot by Marc-Antoine Pouliot.
1:58 of 2nd period - Shot Misses the Net.
2:00 of 2nd period - Wrist shot by Marc-Antoine Pouliot.
2:00 of 2nd period - Shot Misses the Net.
2:10 of 2nd period - Brett Skinner is hit by Keaton Ellerby.
2:24 of 2nd period - Slapshot by Brett Skinner.
2:24 of 2nd period - Deflect By Andreas Nodl.
2:24 of 2nd period - Stopped by Yann Danis without a rebound.
2:25 of 2nd period - Christian Hanson wins face-off versus Denis Shvidki in Spitfire zone.
2:52 of 2nd period - Brock Trotter is hit by Erik Condra and loses puck.
3:46 of 2nd period - Wrist shot by Rick Schofield.
3:46 of 2nd period - Stopped by Leland Irving with a rebound.
4:00 of 2nd period - Wrist shot by Andreas Nodl.
4:00 of 2nd period - Stopped by Yann Danis with a rebound.
4:02 of 2nd period - Snap shot by Cory Emmerton.
4:02 of 2nd period - Deflect By Andreas Nodl.
4:02 of 2nd period - Stopped by Yann Danis with a rebound.
4:11 of 2nd period - Icing by Danny Syvret.
4:12 of 2nd period - Ryan White wins face-off versus Kris Beech in Spitfire zone.
4:39 of 2nd period - Wrist shot by Denis Shvidki.
4:39 of 2nd period - Shot Misses the Net.
4:41 of 2nd period - Wrist shot by Kris Beech.
4:41 of 2nd period - Shot Misses the Net.
4:43 of 2nd period - Wrist shot by Tim Kennedy.
4:43 of 2nd period - Stopped by Leland Irving without a rebound.
4:44 of 2nd period - Christian Hanson wins face-off versus Marc-Antoine Pouliot in Patriotes zone.
5:05 of 2nd period - Minor Penalty to Paul Bissonnette for Holding.
5:06 of 2nd period - Denis Shvidki wins face-off versus Christian Hanson in Spitfire zone.
5:15 of 2nd period - Slapshot by Brett Skinner.
5:15 of 2nd period - Shot Blocked by Keaton Ellerby.
5:17 of 2nd period - Snap shot by Christian Hanson.
5:17 of 2nd period - Shot Misses the Net.
5:19 of 2nd period - Backhand shot by Ben Guite.
5:19 of 2nd period - Shot Misses the Net.
5:21 of 2nd period - Snap shot by Fedor Fedorov.
5:21 of 2nd period - Deflect By Ben Guite.
5:21 of 2nd period - Goal by Ben Guite - Patriotes : 2 - Spitfire : 2.
5:22 of 2nd period - Christian Hanson wins face-off versus Kris Beech in neutral zone.
5:47 of 2nd period - Mathieu Roy is hit by Brett Skinner and loses puck.
5:52 of 2nd period - Slapshot by Ryan Wilson.
5:52 of 2nd period - Stopped by Yann Danis with a rebound.
5:54 of 2nd period - Snap shot by Ryan White.
5:54 of 2nd period - Stopped by Yann Danis without a rebound.
5:55 of 2nd period - Marc-Antoine Pouliot wins face-off versus Christian Hanson in Spitfire zone.
6:02 of 2nd period - Ben Guite is hit by Matt Delahey and loses puck.
6:22 of 2nd period - Icing by Michael Stone.
6:23 of 2nd period - Kris Beech wins face-off versus Cory Emmerton in Spitfire zone.
6:28 of 2nd period - Kris Beech is hit by Andreas Nodl and loses puck.
6:51 of 2nd period - Andreas Nodl is hit by Denis Shvidki and loses puck.
6:57 of 2nd period - Cameron Gaunce is hit by Matt Delahey and loses puck.
7:00 of 2nd period - Backhand shot by Cory Emmerton.
7:00 of 2nd period - Shot Blocked by Tim Kennedy.
7:02 of 2nd period - Wrist shot by Cory Emmerton.
7:02 of 2nd period - Shot Misses the Net.
7:04 of 2nd period - Snap shot by Andreas Nodl.
7:04 of 2nd period - Goal by Andreas Nodl - Patriotes : 3 - Spitfire : 2.
7:05 of 2nd period - Christian Hanson wins face-off versus Paul Bissonnette in neutral zone.
7:39 of 2nd period - Snap shot by Mathieu Roy.
7:39 of 2nd period - Shot Misses the Net.
8:42 of 2nd period - Slapshot by Mathieu Roy.
8:42 of 2nd period - Deflect By Christian Hanson.
8:42 of 2nd period - Stopped by Leland Irving with a rebound.
8:44 of 2nd period - Slapshot by Keaton Ellerby.
8:44 of 2nd period - Deflect By Fedor Fedorov.
8:44 of 2nd period - Stopped by Leland Irving with a rebound.
10:15 of 2nd period - Wrist shot by Ben Guite.
10:15 of 2nd period - Shot Blocked by Tony Lucia.
10:17 of 2nd period - Wrist shot by Ben Guite.
10:17 of 2nd period - Shot Misses the Net.
10:19 of 2nd period - Slapshot by Joe Charlebois.
10:19 of 2nd period - Deflect By Fedor Fedorov.
10:19 of 2nd period - Goal by Fedor Fedorov - Patriotes : 4 - Spitfire : 2.
10:19 of 2nd period - Todd Ford enters game.
10:20 of 2nd period - Kris Beech wins face-off versus Christian Hanson in neutral zone.
10:29 of 2nd period - Denis Shvidki is hit by Fedor Fedorov and loses puck.
10:47 of 2nd period - Off-side.
10:48 of 2nd period - Cory Emmerton wins face-off versus Marc-Antoine Pouliot in neutral zone.
10:51 of 2nd period - Wrist shot by Brett Skinner.
10:51 of 2nd period - Shot Misses the Net.
11:11 of 2nd period - Mathieu Roy is hit by Davis Drewiske and loses puck.
11:18 of 2nd period - Wrist shot by Cory Emmerton.
11:18 of 2nd period - Shot Blocked by Mathieu Roy.
11:38 of 2nd period - Snap shot by Marc-Antoine Pouliot.
11:38 of 2nd period - Goal by Marc-Antoine Pouliot - Patriotes : 4 - Spitfire : 3.
11:39 of 2nd period - Christian Hanson wins face-off versus Tim Kennedy in neutral zone.
11:47 of 2nd period - Wrist shot by Ben Guite.
11:47 of 2nd period - Stopped by Todd Ford with a rebound.
11:49 of 2nd period - Slapshot by Davis Drewiske.
11:49 of 2nd period - Shot Blocked by Michael Stone.
11:51 of 2nd period - Slapshot by Brett Skinner.
11:51 of 2nd period - Stopped by Todd Ford without a rebound.
11:52 of 2nd period - Tim Kennedy wins face-off versus Christian Hanson in Spitfire zone.
13:01 of 2nd period - Slapshot by Andrew Campbell.
13:01 of 2nd period - Stopped by Leland Irving with a rebound.
13:03 of 2nd period - Slapshot by Danny Syvret.
13:03 of 2nd period - Goal by Danny Syvret - Patriotes : 4 - Spitfire : 4.
13:04 of 2nd period - Kris Beech wins face-off versus Christian Hanson in neutral zone.
13:19 of 2nd period - Wrist shot by Kris Beech.
13:19 of 2nd period - Goal by Kris Beech - Patriotes : 4 - Spitfire : 5.
13:20 of 2nd period - Christian Hanson wins face-off versus Kris Beech in neutral zone.
13:47 of 2nd period - Minor Penalty to Keaton Ellerby for Hooking.
13:48 of 2nd period - Christian Hanson wins face-off versus Denis Shvidki in Spitfire zone.
14:05 of 2nd period - Denis Shvidki is hit by Fedor Fedorov and loses puck.
14:48 of 2nd period - Tony Lucia is hit by Fedor Fedorov and loses puck.
15:47 of 2nd period - Penalty to Keaton Ellerby is over, Keaton Ellerby is back on ice.
16:03 of 2nd period - Snap shot by Brock Trotter.
16:03 of 2nd period - Stopped by Todd Ford with a rebound.
16:05 of 2nd period - Wrist shot by Nigel Williams.
16:05 of 2nd period - Stopped by Todd Ford with a rebound.
16:37 of 2nd period - Marc-Antoine Pouliot is hit by Ryan White and loses puck.
16:45 of 2nd period - Snap shot by Paul Bissonnette.
16:45 of 2nd period - Stopped by Leland Irving with a rebound.
16:47 of 2nd period - Minor Penalty to Brett Skinner for Hooking.
16:48 of 2nd period - Marc-Antoine Pouliot wins face-off versus Ben Guite in Patriotes zone.
18:47 of 2nd period - Penalty to Brett Skinner is over, Brett Skinner is back on ice.
19:53 of 2nd period - Snap shot by Ben Guite.
19:53 of 2nd period - Stopped by Todd Ford with a rebound.
Goals for this period are 3 for Patriotes vs 3 for Spitfire.
Shots for this period are 13 for Patriotes vs 10 for Spitfire.
3rd period
0:01 of 3rd period - Kris Beech wins face-off versus Christian Hanson in neutral zone.
0:50 of 3rd period - Wrist shot by Rick Schofield.
0:50 of 3rd period - Shot Hit the Post.
0:52 of 3rd period - Wrist shot by Brad Staubitz.
0:52 of 3rd period - Shot Misses the Net.
0:56 of 3rd period - Wrist shot by Brad Staubitz.
0:56 of 3rd period - Shot Misses the Net.
0:58 of 3rd period - Slapshot by Keaton Ellerby.
0:58 of 3rd period - Shot Misses the Net.
1:12 of 3rd period - Matt Delahey is hit by Ryan Wilson and loses puck.
1:50 of 3rd period - Paul Bissonnette is hit by Brett Skinner and loses puck.
2:17 of 3rd period - Icing by Jared Boll.
2:18 of 3rd period - Kris Beech wins face-off versus Ryan White in Patriotes zone.
2:19 of 3rd period - Wrist shot by Tim Kennedy.
2:19 of 3rd period - Shot Blocked by Nigel Williams.
2:21 of 3rd period - Wrist shot by Tim Kennedy.
2:21 of 3rd period - Stopped by Leland Irving without a rebound.
2:22 of 3rd period - Kris Beech wins face-off versus Christian Hanson in Patriotes zone.
4:43 of 3rd period - Snap shot by Brock Trotter.
4:43 of 3rd period - Stopped by Todd Ford without a rebound.
4:44 of 3rd period - Kris Beech wins face-off versus Ryan White in Spitfire zone.
5:16 of 3rd period - Ben Guite is hit by Paul Bissonnette and loses puck.
5:33 of 3rd period - Andreas Nodl is hit by Radek Smolenak.
5:52 of 3rd period - Snap shot by Raymond Sawada.
5:52 of 3rd period - Shot Blocked by Lauri Tukonen.
5:56 of 3rd period - Slapshot by Raymond Sawada.
5:56 of 3rd period - Stopped by Leland Irving with a rebound.
5:58 of 3rd period - Snap shot by Raymond Sawada.
5:58 of 3rd period - Shot Misses the Net.
6:00 of 3rd period - Snap shot by Raymond Sawada.
6:00 of 3rd period - Goal by Raymond Sawada - Patriotes : 4 - Spitfire : 6.
6:00 of 3rd period - Jason Missiaen enters game.
6:01 of 3rd period - Christian Hanson wins face-off versus Kris Beech in neutral zone.
6:16 of 3rd period - Slapshot by Christian Hanson.
6:16 of 3rd period - Stopped by Todd Ford without a rebound.
6:17 of 3rd period - Marc-Antoine Pouliot wins face-off versus Cory Emmerton in Spitfire zone.
6:17 of 3rd period - Marc-Antoine Pouliot is hit by T.J Galiardi.
6:20 of 3rd period - Icing by Erik Condra.
6:21 of 3rd period - Cory Emmerton wins face-off versus Marc-Antoine Pouliot in Spitfire zone.
6:48 of 3rd period - Backhand shot by Christian Hanson.
6:48 of 3rd period - Stopped by Todd Ford with a rebound.
6:50 of 3rd period - Snap shot by Davis Drewiske.
6:50 of 3rd period - Shot Misses the Net.
6:52 of 3rd period - Slapshot by Christian Hanson.
6:52 of 3rd period - Stopped by Todd Ford without a rebound.
6:53 of 3rd period - Christian Hanson wins face-off versus Kris Beech in Spitfire zone.
7:06 of 3rd period - Wrist shot by Fedor Fedorov.
7:06 of 3rd period - Stopped by Todd Ford without a rebound.
7:07 of 3rd period - Kris Beech wins face-off versus Christian Hanson in Spitfire zone.
7:20 of 3rd period - Snap shot by Ben Guite.
7:20 of 3rd period - Shot Misses the Net.
7:32 of 3rd period - Brett Skinner is hit by Paul Bissonnette and loses puck.
7:59 of 3rd period - Slapshot by Brad Staubitz.
7:59 of 3rd period - Stopped by Jason Missiaen with a rebound.
8:01 of 3rd period - Wrist shot by Radek Smolenak.
8:01 of 3rd period - Shot Misses the Net.
8:15 of 3rd period - Wrist shot by Brock Trotter.
8:15 of 3rd period - Shot Blocked by Tony Lucia.
8:37 of 3rd period - Snap shot by Denis Shvidki.
8:37 of 3rd period - Shot Blocked by Davis Drewiske.
8:39 of 3rd period - Snap shot by Tim Kennedy.
8:39 of 3rd period - Shot Blocked by Liam Reddox.
8:41 of 3rd period - Snap shot by Tim Kennedy.
8:41 of 3rd period - Goal by Tim Kennedy - Patriotes : 4 - Spitfire : 7.
8:42 of 3rd period - Christian Hanson wins face-off versus Kris Beech in neutral zone.
9:19 of 3rd period - Slapshot by Jared Boll.
9:19 of 3rd period - Goal by Jared Boll - Patriotes : 5 - Spitfire : 7.
9:20 of 3rd period - Marc-Antoine Pouliot wins face-off versus Christian Hanson in neutral zone.
9:23 of 3rd period - Wrist shot by Erik Condra.
9:23 of 3rd period - Shot Misses the Net.
9:25 of 3rd period - Snap shot by Marc-Antoine Pouliot.
9:25 of 3rd period - Shot Blocked by Brett Skinner.
9:27 of 3rd period - Snap shot by Marc-Antoine Pouliot.
9:27 of 3rd period - Stopped by Jason Missiaen with a rebound.
10:29 of 3rd period - Slapshot by Tim Kennedy.
10:29 of 3rd period - Stopped by Jason Missiaen without a rebound.
10:30 of 3rd period - Christian Hanson wins face-off versus Kris Beech in Patriotes zone.
10:55 of 3rd period - Fedor Fedorov is hit by Keaton Ellerby and loses puck.
11:06 of 3rd period - Snap shot by Raymond Sawada.
11:06 of 3rd period - Shot Blocked by Joe Charlebois.
11:41 of 3rd period - Snap shot by Fedor Fedorov.
11:41 of 3rd period - Stopped by Todd Ford with a rebound.
11:45 of 3rd period - Snap shot by Ben Guite.
11:45 of 3rd period - Shot Blocked by Michael Stone.
12:05 of 3rd period - Slapshot by Rick Schofield.
12:05 of 3rd period - Deflect By Brad Staubitz.
12:05 of 3rd period - Stopped by Jason Missiaen without a rebound.
12:06 of 3rd period - Cory Emmerton wins face-off versus Kris Beech in Patriotes zone.
12:06 of 3rd period - Cory Emmerton is hit by Kris Beech.
12:16 of 3rd period - Snap shot by T.J Galiardi.
12:16 of 3rd period - Shot Misses the Net.
12:18 of 3rd period - Minor Penalty to Kris Beech for Hooking.
12:19 of 3rd period - Denis Shvidki wins face-off versus Cory Emmerton in Spitfire zone.
12:28 of 3rd period - Slapshot by Denis Shvidki.
12:28 of 3rd period - Deflect By Raymond Sawada.
12:28 of 3rd period - Stopped by Jason Missiaen without a rebound.
12:29 of 3rd period - Denis Shvidki wins face-off versus Cory Emmerton in Patriotes zone.
13:02 of 3rd period - Snap shot by Brett Skinner.
13:02 of 3rd period - Stopped by Todd Ford without a rebound.
13:03 of 3rd period - Denis Shvidki wins face-off versus Christian Hanson in Spitfire zone.
14:01 of 3rd period - Tony Lucia is hit by Christian Hanson and loses puck.
14:18 of 3rd period - Penalty to Kris Beech is over, Kris Beech is back on ice.
15:39 of 3rd period - Slapshot by Brock Trotter.
15:39 of 3rd period - Stopped by Todd Ford without a rebound.
15:40 of 3rd period - Jared Boll wins face-off versus Rick Schofield in Spitfire zone.
15:43 of 3rd period - Snap shot by Lauri Tukonen.
15:43 of 3rd period - Stopped by Todd Ford with a rebound.
15:45 of 3rd period - Wrist shot by Lauri Tukonen.
15:45 of 3rd period - Shot Misses the Net.
15:47 of 3rd period - Slapshot by Ryan Wilson.
15:47 of 3rd period - Shot Blocked by Rick Schofield.
15:49 of 3rd period - Snap shot by Jared Boll.
15:49 of 3rd period - Shot Misses the Net.
15:51 of 3rd period - Slapshot by Brock Trotter.
15:51 of 3rd period - Shot Misses the Net.
15:53 of 3rd period - Slapshot by Ryan Wilson.
15:53 of 3rd period - Stopped by Todd Ford with a rebound.
15:55 of 3rd period - Snap shot by Jared Boll.
15:55 of 3rd period - Stopped by Todd Ford with a rebound.
16:13 of 3rd period - Slapshot by Denis Shvidki.
16:13 of 3rd period - Stopped by Jason Missiaen with a rebound.
16:19 of 3rd period - Ben Guite is hit by Danny Syvret.
16:39 of 3rd period - Slapshot by Danny Syvret.
16:39 of 3rd period - Stopped by Jason Missiaen with a rebound.
16:51 of 3rd period - Snap shot by Marc-Antoine Pouliot.
16:51 of 3rd period - Stopped by Jason Missiaen with a rebound.
17:21 of 3rd period - Wrist shot by Cory Emmerton.
17:21 of 3rd period - Stopped by Todd Ford with a rebound.
17:39 of 3rd period - Snap shot by Andreas Nodl.
17:39 of 3rd period - Shot Blocked by Brad Staubitz.
17:41 of 3rd period - Snap shot by Andreas Nodl.
17:41 of 3rd period - Shot Misses the Net.
17:43 of 3rd period - Wrist shot by Cory Emmerton.
17:43 of 3rd period - Stopped by Todd Ford with a rebound.
17:45 of 3rd period - Backhand shot by Brett Skinner.
17:45 of 3rd period - Shot Hit the Post.
17:47 of 3rd period - Snap shot by Cory Emmerton.
17:47 of 3rd period - Shot Misses the Net.
17:49 of 3rd period - Slapshot by Davis Drewiske.
17:49 of 3rd period - Stopped by Todd Ford without a rebound.
17:50 of 3rd period - Ryan White wins face-off versus Kris Beech in Spitfire zone.
17:57 of 3rd period - Snap shot by Denis Shvidki.
17:57 of 3rd period - Shot Misses the Net.
Goals for this period are 1 for Patriotes vs 2 for Spitfire.
Shots for this period are 15 for Patriotes vs 12 for Spitfire.
Output by the SimonT Hockey Simulator (STHS) for François Prévost -- Original Page W3C XHTML 1.0 Valid